Map: Orbital Shipyard

Players

ILLBdA - Winner!

  • Race: Protoss Protoss
  • League: Diamond

inFAMOUS

  • Race: Protoss Protoss
  • League: Diamond

VOD

Have the link to the VOD?

Description

Time

  • Played on: Dec. 17, 2015, 7:29 a.m.
  • Length: 15:49
Show
View Real Time Build Order
Export as new Build Order

ILLBdA Protoss - Winner!

Build Orders: Blink Stalkers, Dark Templar Rush 

Get SALT Encoding   

  12  0:01  Probe (Chrono Boost)  
  13  0:11  Probe (Chrono Boost)  
  14  0:17  Pylon  
  14  0:22  Probe (Chrono Boost)  
  15  0:35  Probe (Chrono Boost)  
  16  0:37  Gateway  
  16  0:43  Assimilator  
  16  0:46  Probe (Chrono Boost)  
  17  0:56  Probe (Chrono Boost)  
  18  0:58  Assimilator  
  18  1:07  Probe (Chrono Boost)  
  18  1:08  Gateway  
  19  1:17  Probe (Chrono Boost)  
  20  1:26  Cybernetics Core  
  20  1:28  Probe (Chrono Boost)  
  21  1:36  Pylon  
  21  1:39  Probe (Chrono Boost)  
  22  1:50  Probe (Chrono Boost)  
  23  2:02  Stalker x2  
  23  2:03  Warp Gate  
  27  2:13  Twilight Council  
  29  2:23  Mothership Core (Chrono Boost)  
  29  2:39  Pylon  
  29  2:41  Probe (Chrono Boost)  
  30  2:52  Probe (Chrono Boost)  
  31  3:00  Dark Shrine  
  31  3:02  Probe (Chrono Boost), Gateway  
  32  3:20  Nexus  
  32  3:30  Blink (Chrono Boost)  
  32  3:44  Robotics Facility  
  32  3:51  Pylon  
  32  3:58  Probe  
  33  4:06  Pylon  
  33  4:11  Probe  
  33  4:13  Dark Templar  
  33  4:16  Stalker  
  38  4:23  Probe  
  39  4:27  Stalker  
  41  4:35  Observer (Chrono Boost)  
  41  4:37  Probe  
  41  4:38  Probe  
  44  4:47  Probe  
  44  4:50  Probe  
  46  4:54  Observer (Chrono Boost)  
  46  4:58  Probe  
  48  5:01  Assimilator  
  48  5:02  Probe  
  48  5:05  Stalker  
  48  5:06  Assimilator  
  51  5:12  Probe  
  52  5:15  Stalker  
  52  5:17  Probe  
  55  5:24  Probe  
  56  5:29  Probe  
  56  5:35  Stalker x2  
  61  5:36  Probe  
  61  5:40  Stalker  
  61  5:41  Probe  
  65  5:46  Immortal (Chrono Boost)  
  67  5:50  Probe  
  68  5:58  Pylon  
  64  6:17  Probe  
  65  6:23  Immortal  
  65  6:24  Probe  
  65  6:25  Robotics Bay  
  70  6:29  Probe  
  70  6:33  Stalker x2  
  70  6:37  Probe  
  75  6:43  Probe  
  76  6:49  Probe  
  76  6:50  Pylon  
  77  6:55  Probe  
  77  6:58  Pylon  
  78  7:16  Probe, Disruptor (Chrono Boost), Pylon  
  78  7:19  Stalker  
  78  7:22  Stalker  
  86  7:27  Pylon  
  86  7:30  Forge  
  86  7:39  Gateway  
  86  7:40  Gateway  
  86  7:42  Gateway  
  86  7:43  Pylon  
  86  7:47  Stalker x3  
  86  7:48  Disruptor (Chrono Boost)  
  95  8:08  Nexus  
  95  8:10  Stalker  
  95  8:11  Pylon  
  97  8:18  Disruptor (Chrono Boost)  
  100  8:27  Protoss Ground Weapons Level 1 (Chrono Boost)  
  100  8:31  Templar Archives  
  100  8:34  Probe  
  100  8:36  Stalker x2  
  100  8:37  Stalker  
  107  8:41  Probe  
  107  8:43  Photon Cannon  
  108  8:55  Probe  
  109  8:57  Disruptor  
  109  9:00  Stalker  
  114  9:04  Photon Cannon  
  114  9:09  Assimilator  
  114  9:20  High Templar x2  
  114  9:23  Assimilator  
  118  9:24  Archon  
  118  9:31  High Templar x2  
  120  9:36  Archon  
  122  9:39  Stalker  
  122  9:40  Stalker  
  126  9:48  Photon Cannon  
  126  9:50  Gateway  
  126  9:52  Gateway  
  126  9:54  Stalker x2  
  126  9:56  Pylon  
  126  9:58  Disruptor  
  133  10:10  Pylon  
  133  10:12  Pylon  
  133  10:14  Probe  
  133  10:17  High Templar x2  
  138  10:24  Archon  
  138  10:28  Probe  
  136  10:29  Probe x2, Protoss Ground Weapons Level 2 (Chrono Boost)  
  136  10:30  Stargate  
  136  10:34  Warp Prism  
  141  10:37  Dark Templar  
  141  10:38  Probe  
  141  10:41  Probe  
  141  10:42  Probe  
  146  10:49  Probe  
  146  10:53  Stalker, Probe  
  146  10:54  Stalker  
  152  10:58  Probe  
  152  10:59  Probe  
  154  11:11  Dark Templar  
  156  11:18  Fleet Beacon  
  156  11:47  Probe  
  153  11:59  Probe  
  152  12:02  Stargate  
  152  12:04  Tempest (Chrono Boost)  
  156  12:16  Pylon  
  156  12:18  Pylon  
  156  12:20  Pylon  
  154  12:29  Pylon  
  160  12:43  Tempest (Chrono Boost)  
  164  12:46  Nexus  
  164  12:47  Pylon x3  
  164  12:49  Pylon  
  164  12:50  Tempest (Chrono Boost)  
  168  13:21  Tempest (Chrono Boost)  
  168  13:25  Pylon x2  
  172  13:34  Tempest (Chrono Boost)  
  176  13:38  Gateway  
  176  13:42  Nexus, Pylon x2  
  176  13:43  Pylon  
  168  13:58  Tempest (Chrono Boost)  
  168  14:02  Gateway  
  172  14:07  Dark Templar  
  174  14:15  Tempest (Chrono Boost)  
  170  14:19  Dark Templar  
  157  14:37  Dark Templar  
  158  14:40  Dark Templar x2  
  158  14:41  Dark Templar  
  128  14:53  Tempest (Chrono Boost)  
  128  15:01  Probe  
  128  15:02  Probe  
  128  15:05  Probe  
  128  15:10  Gateway  
  128  15:11  Gateway  
  128  15:12  Gateway  
  128  15:17  Gateway x2  
  128  15:26  Assimilator  
  128  15:27  Stalker  
  128  15:28  Stalker x4  
  128  15:44  Archon x2  
Show
View Real Time Build Order
Export as new Build Order

inFAMOUS Protoss 

Build Orders: 1 Gate Expand 

Get SALT Encoding   

  12  0:01  Probe (Chrono Boost)  
  13  0:11  Probe (Chrono Boost)  
  14  0:18  Pylon  
  14  0:22  Probe (Chrono Boost)  
  15  0:36  Probe (Chrono Boost)  
  15  0:38  Gateway  
  15  0:42  Assimilator  
  16  0:46  Probe (Chrono Boost)  
  18  0:57  Probe (Chrono Boost)  
  18  1:07  Probe (Chrono Boost)  
  19  1:18  Probe (Chrono Boost)  
  20  1:26  Nexus  
  20  1:38  Cybernetics Core  
  20  1:43  Assimilator  
  20  1:47  Probe (Chrono Boost)  
  20  1:53  Pylon  
  21  2:01  Probe (Chrono Boost)  
  22  2:10  Gateway  
  22  2:18  Stalker (Chrono Boost)  
  22  2:21  Warp Gate  
  24  2:28  Mothership Core  
  26  2:36  Probe  
  29  2:44  Stalker (Chrono Boost)  
  29  2:46  Probe  
  30  2:53  Probe  
  31  3:05  Stargate  
  31  3:09  Stalker (Chrono Boost)  
  33  3:14  Stalker (Chrono Boost)  
  35  3:21  Probe  
  36  3:32  Robotics Facility  
  36  3:34  Probe  
  36  3:36  Probe  
  38  3:49  Gateway  
  38  3:52  Probe  
  39  3:56  Pylon  
  39  4:00  Oracle (Chrono Boost)  
  42  4:04  Probe  
  42  4:09  Probe  
  44  4:17  Probe  
  45  4:20  Observer  
  45  4:23  Probe  
  47  4:25  Assimilator  
  47  4:28  Pylon  
  47  4:29  Probe  
  47  4:30  Pylon  
  47  4:31  Assimilator  
  48  4:35  Probe  
  49  4:41  Sentry, Probe  
  49  4:43  Stalker  
  54  4:53  Probe x2  
  56  5:01  Immortal  
  56  5:05  Probe  
  56  5:06  Probe  
  62  5:18  Probe  
  62  5:19  Probe  
  62  5:20  Twilight Council  
  64  5:30  Probe  
  64  5:36  Stalker  
  64  5:37  Stalker x2  
  64  5:42  Pylon  
  70  5:43  Pylon  
  70  5:58  Immortal  
  70  6:01  Pylon, Void Ray (Chrono Boost)  
  78  6:12  Stalker x2  
  82  6:19  Blink (Chrono Boost)  
  82  6:20  Pylon  
  82  6:37  Stalker x2  
  83  6:49  Immortal  
  83  6:57  Nexus  
  83  6:59  Pylon  
  87  7:02  Stalker x2  
  91  7:09  Pylon  
  91  7:10  Pylon  
  91  7:22  Robotics Bay  
  91  7:24  Stalker  
  91  7:29  Observer  
  93  7:34  Gateway  
  93  7:35  Stalker  
  96  7:46  Probe  
  96  7:48  Stalker  
  96  7:50  Stalker  
  101  7:56  Gateway  
  101  8:03  Stalker  
  101  8:04  Disruptor  
  103  8:08  Probe  
  107  8:13  Stalker  
  107  8:17  Gravitic Drive (Chrono Boost)  
  107  8:19  Probe  
  109  8:20  Stalker  
  112  8:29  Probe  
  112  8:30  Stalker  
  115  8:36  Disruptor  
  115  8:40  Probe, Assimilator  
  118  8:45  Assimilator  
  118  8:47  Probe  
  120  8:49  Stalker  
  120  8:50  Robotics Facility  
  122  8:55  Sentry  
  122  8:57  Probe  
  125  9:07  Probe  
  125  9:09  Stalker x2  
  130  9:17  Templar Archives  
  130  9:20  Stalker x2  
  134  9:33  Forge  
  134  9:35  Disruptor (Chrono Boost)  
  134  9:37  Disruptor (Chrono Boost)  
  140  9:46  Pylon  
  140  9:48  Pylon  
  140  9:55  Observer Gravitic Boosters  
  140  9:56  Pylon  
  140  10:00  Nexus  
  140  10:06  Pylon  
  140  10:08  Pylon x2  
  140  10:09  Protoss Ground Weapons Level 1 (Chrono Boost)  
  140  10:13  Disruptor, High Templar x2  
  144  10:17  Archon  
  147  10:30  High Templar  
  149  10:37  Disruptor, High Templar  
  149  10:38  Gateway  
  149  10:41  Gateway  
  154  10:43  Gateway  
  154  10:48  Photon Cannon  
  154  10:51  Photon Cannon  
  154  10:54  Stalker  
  156  11:03  Observer  
  157  11:14  Probe  
  157  11:18  Pylon  
  158  11:19  Stalker x3, Warp Prism  
  158  11:25  Probe  
  167  11:35  Probe  
  167  11:39  Adept x2  
  148  11:49  High Templar  
  150  11:58  Stalker x2  
  150  12:00  Archon  
  154  12:10  Stalker x3  
  160  12:24  Stalker x3  
  160  12:25  Stalker x2  
  170  12:33  Photon Cannon  
  170  12:52  Stalker x4  
  170  12:53  Stalker x2  
  182  13:21  High Templar  
  182  13:22  High Templar  
  186  13:30  Assimilator  
  186  13:34  Assimilator  
  186  13:35  Archon  
  160  13:52  Stalker x3  
  160  13:53  Zealot x3  
  170  14:14  Observer  
  143  14:27  Stalker x5  
Tags
 
Add a new tag
Caveats
  • Supply blocks, unpowered buildings, or Contaminate may cause inaccurate times.
  • Supply counts are checked every 10 seconds.